 Dungeon Crawl Stone Soup version 0.23.2-40-g277498a001 (webtiles) character file.

Game seed: 13585425263715945426

105 Kikorro the Chopper (level 4, -6/40 HPs)
             Began as a Hill Orc Fighter on Sept 8, 2019.
             Killed by divine providence
             ... invoked by an orc priest
              (12 damage)
             ... on level 3 of the Dungeon.
             The game lasted 00:06:01 (2129 turns).

Kikorro the Chopper (Hill Orc Fighter)              Turns: 2129, Time: 00:06:01

Health: -6/40      AC: 10    Str: 19    XL:     4   Next: 81%
Magic:  4/4        EV:  7    Int:  8    God:
Gold:   226        SH:  9    Dex: 10    Spells: 3/3 levels left

rFire    . . .     SeeInvis .   a - +1 war axe
rCold    . . .     Gourm    .   c - +0 shield
rNeg     . . .     Faith    .   h - +0 chain mail
rPois    .         Spirit   .   (no helmet)
rElec    .         Reflect  .   (no cloak)
rCorr    .         Harm     .   (no gloves)
MR       .....                  v - +0 pair of boots
Stlth    ..........             m - amulet of rage
HPRegen  0.13/turn              r - +2 ring of evasion
MPRegen  0.09/turn              (no ring)

@: no status effects
A: no striking features
a: Convert to Beogh, Evoke Berserk Rage


You were on level 3 of the Dungeon.
You were not hungry.

You visited 1 branch of the dungeon, and saw 3 of its levels.

You collected 226 gold pieces.

Inventory:

Hand Weapons
 a - a +1 war axe (weapon)
Armour
 c - a +0 shield (worn)
 h - a +0 chain mail (worn)
 v - a +0 pair of boots (worn)
Jewellery
 m - an amulet of rage (around neck)
 r - a +2 ring of evasion (left hand)
Scrolls
 b - a scroll of random uselessness {unknown}
 e - a scroll of identify {unknown}
 j - a scroll of enchant weapon
 k - a scroll of blinking {unknown}
 l - a scroll of noise {unknown}
 s - a scroll of teleportation {unknown}
 t - a scroll of immolation {unknown}
 u - a scroll of fog {unknown}
 w - a scroll of enchant armour {unknown}
Potions
 d - a potion of might
 g - 2 potions of haste {unknown}
 n - a potion of curing {unknown}
 o - a potion of degeneration {unknown}
 p - a potion of invisibility {unknown}
 q - a potion of magic {unknown}
Comestibles
 f - 2 rations
 i - 4 chunks of flesh


   Skills:
 + Level 4.2 Fighting
 + Level 4.6 Axes
 + Level 3.9 Armour
 + Level 0.2 Dodging
 + Level 3.8 Shields


You had 3 spell levels left.
You didn't know any spells.
Your spell library was empty.

Dungeon Overview and Level Annotations

Branches:
Dungeon (3/15)

Altars:


Message History

You hear some strange, mumbled words.
A puff of flame appears from out of thin air!
The puff of flame hits you!
You miss something. Something hits you.
A goblin comes into view. It is wielding a +0 dagger.
You hear some strange, mumbled words.
A puff of flame appears from out of thin air!
The puff of flame hits you!
Your chain mail prevents you from hitting something.
Something hits you but does no damage.
You hit something. Something hits you but does no damage.
The orc priest mumbles some strange prayers to Beogh against you.
Beogh smites you!
* * * LOW HITPOINT WARNING * * *
Something hits you.
* * * LOW HITPOINT WARNING * * *
You closely miss something.
The orc priest calls down the wrath of Beogh upon you.
Beogh smites you!
You die...

#.##.##.##....)###
#........#.....#
#........#######
#..#.##..#
#..#..#..#
#..##.#..#
#........#
#........
#@###.#.# #{# .# #
#o# # #S#


#oS #g# #g# . #.# ....### ......( You could see an orc priest, 2 adders, an orc
and 2 goblins.

Vanquished Creatures
  Jessica (D:2)
  An ooze (D:2)
  A worm (D:2)
  5 dart slugs
  2 leopard geckos
  2 orcs (D:3)
  7 bats
  2 giant cockroaches
  3 goblins (D:1)
  6 hobgoblins
  7 jackals (D:2)
  10 kobolds
  A quokka (D:2)
  4 frilled lizards (D:2)
  4 rats
56 creatures vanquished.

Notes
Turn   | Place    | Note
-------+----------+-------------------------------------------
     0 | D:1      | Kikorro the Hill Orc Fighter began the quest for the Orb.
     0 | D:1      | Reached XP level 1. HP: 19/19 MP: 1/1
   461 | D:1      | Reached XP level 2. HP: 27/27 MP: 2/2
   885 | D:2      | Reached XP level 3. HP: 30/33 MP: 3/3
  1489 | D:2      | Reached XP level 4. HP: 39/40 MP: 4/4
  1501 | D:2      | Noticed Jessica
  1509 | D:2      | Killed Jessica
  2129 | D:3      | Killed from afar by an orc priest

Skill      XL: |  1  2  3  4 |
---------------+-------------+-----
Axes           | 3 4 |  4.6
Fighting       | 4 |  4.2
Armour         | |  3.9
Dodging        | |  0.2
Shields        | |  3.8

Action                   |  1- 3 |  4- 6 || total
-------------------------+-------+-------++-------
Melee: War axe           |   102 |    68 ||   170
  Use: Scroll            |     1 |       ||     1
  Eat: Chunk             |     2 |     2 ||     4
Armor: Chain mail        |    71 |    38 ||   109
Dodge: Dodged            |    29 |    18 ||    47
Block: Shield            |    59 |    36 ||    95
